 Dungeon Crawl Stone Soup version 0.30-a0-757-ga6a79fd877 (webtiles) character file.

Game seed: 419024158719037662

28 sircluck the Trooper (level 3, -1/33 HPs)
             Began as a Hill Orc Fighter on Feb 9, 2023.
             Slain by Terence
             ... wielding a +0 flail
              (4 damage)
             ... on level 2 of the Dungeon.
             The game lasted 00:01:49 (1247 turns).

sircluck the Trooper (Hill Orc Fighter)             Turns: 1247, Time: 00:01:49

Health: -1/33      AC:  6    Str: 20    XL:     3   Next: 12%
Magic:  3/3        EV:  9    Int:  8    God:
Gold:   59         SH:  4    Dex: 10    Spells: 2/2 levels left

rFire   . . .      SeeInvis .    a - +0 war axe
rCold   . . .      Faith    .    c - +0 buckler
rNeg    . . .      Spirit   .    b - +0 scale mail
rPois   .          Reflect  .    (no helmet)
rElec   .          Harm     .    (no cloak)
rCorr   .          Rampage  .    (no gloves)
Will    .....                    (no boots) Stlth
                                 (no amulet)
HPRegen 0.25/turn                (no ring)
MPRegen 0.08/turn                (no ring)

@: no status effects
A: no striking features
a: no special abilities


You were on level 2 of the Dungeon.
You visited 1 branch of the dungeon, and saw 2 of its levels.

You collected 59 gold pieces.

Inventory:

Hand Weapons
 a - a +0 war axe (weapon)
Armour
 b - a +0 scale mail (worn)
 c - a +0 buckler (worn)
 j - a +0 scale mail
Jewellery
 k - a ring of magical power
 q - an amulet of the acrobat
Scrolls
 e - 3 scrolls of identify {unknown}
 g - a scroll of torment {unknown}
 h - a scroll of silence {unknown}
 i - a scroll of immolation {unknown}
 n - a scroll of blinking {unknown}
 r - a scroll of amnesia {unknown}
Potions
 d - 2 potions of might
 f - 2 potions of magic {unknown}
 l - a potion of berserk rage {unknown}
 m - a potion of cancellation {unknown}
 o - 2 potions of curing {unknown}


   Skills:
 + Level 4.1 Fighting
 + Level 3.2 Axes
 + Level 3.6 Armour
 + Level 0.1 Dodging
 + Level 3.6 Shields


You had 2 spell levels left.
You didn't know any spells.
Your spell library contained the following spells:

 Spells                   Type           Power      Damage    Failure   Level
 Beastly Appendage        Tmut           0%         N/A       85%         1
 Sublimation of Blood     Necr           0%         N/A       94%         2
 Wereblood                Tmut           0%         N/A       94%         2
 Dazzling Flash           Conj/Hex       0%         N/A       99%         3
 Spider Form              Tmut/Pois      0%         N/A       99%         3
 Iskenderun's Mystic Bla  Conj/Tloc      0%         2d3       100%        4
 Starburst                Conj/Fire      0%         6d3       100%        6
 Summon Hydra             Summ           0%         N/A       100%        7
 Chain Lightning          Conj/Air       0%         N/A       100%        9
 Fire Storm               Conj/Fire      0%         5d1       100%        9
 Shatter                  Erth           0%         3d5*      100%        9


Dungeon Overview and Level Annotations

Branches:
Dungeon (2/15)

Altars:
Qazlal

Annotations:
D:2 Terence


Message History

You are too injured to fight recklessly!
You are too injured to fight recklessly!
Terence attacks as you move away! Terence hits you but does no damage.
Terence attacks as you move away! Terence hits you with a +0 flail.
* * * LOW HITPOINT WARNING * * *
Terence attacks as you move away! Terence barely misses you.
Terence attacks as you move away! You block Terence's attack.
Terence attacks as you move away! Terence hits you with a +0 flail.
* * * LOW HITPOINT WARNING * * *
Throw: 4 darts (poison)
Press: ? - help, Q - select action Shift-Dir - straight line, f - Terence
Aim: Terence, wielding a +0 flail and wearing a +0 scale mail (moderately wounded, 61% to hit)
You throw a poisoned dart.
The poisoned dart barely misses Terence.
You block Terence's attack.
Throw: 3 darts (poison)
Press: ? - help, Q - select action Shift-Dir - straight line, f/p - Terence
Aim: Terence, wielding a +0 flail and wearing a +0 scale mail (moderately wounded, 61% to hit)
You throw a poisoned dart.
The poisoned dart barely misses Terence.
Terence says, "Don't bother to defend, it's useless."
Terence barely misses you.
Throw: 2 darts (poison)
Press: ? - help, Q - select action Shift-Dir - straight line, f/p - Terence
Aim: Terence, wielding a +0 flail and wearing a +0 scale mail (moderately wounded, 61% to hit)
You throw a poisoned dart.
The poisoned dart barely misses Terence.
Terence barely misses you.
Throw: dart (poison)
Press: ? - help, Q - select action Shift-Dir - straight line, f/p - Terence
Aim: Terence, wielding a +0 flail and wearing a +0 scale mail (moderately wounded, 61% to hit)
You throw a poisoned dart. The poisoned dart hits Terence.
Terence is poisoned.
Terence is moderately wounded.
Terence hits you with a +0 flail.
* * * LOW HITPOINT WARNING * * *
Terence attacks as you move away! Terence hits you with a +0 flail.
* * * LOW HITPOINT WARNING * * *
Terence screams, "I want your blood!" Terence attacks as you move away!
Terence hits you with a +0 flail.
You die...

###............####
#.#.#.#.#.......#
#...............#
#.#..####.#.....#
#.......#.......##
#.#.#...#.#.#....###
#.......#..........#
#.#.#.#...#.#.#..#.#
#.............@....#
#.#.#.#.#.#.#.#@#..#
#..................#
###.#####...######.#
#.......### ##.#
#######...#####(.#
###.....(.##
#########


You could see Terence (poisoned).

Vanquished Creatures
  4 endoplasms
  A giant cockroach (D:2)
  2 goblins (D:1)
  A hobgoblin (D:1)
  3 jackals (D:2)
  5 kobolds
  A quokka (D:1)
  2 ball pythons
  3 bats (D:1)
  A frilled lizard (D:1)
  3 rats
26 creatures vanquished.

Notes
Turn   | Place    | Note
-------+----------+-------------------------------------------
     0 | D:1      | sircluck the Hill Orc Fighter began the quest for the Orb.
     0 | D:1      | Reached XP level 1. HP: 19/19 MP: 1/1
   137 | D:1      | Reached XP level 2. HP: 18/27 MP: 2/2
   281 | D:1      | Reached skill level 4 in Fighting
   345 | D:1      | Found a faded altar of an unknown god.
  1006 | D:2      | Reached XP level 3. HP: 25/33 MP: 3/3
  1072 | D:2      | Found a stormy altar of Qazlal.
  1215 | D:2      | Noticed Terence
  1247 | D:2      | Slain by Terence

Illustrated notes

Levels and vault maps discovered:
D:1:      dpeg_arrival_radiant, layout_loops_ring,
          hellmonk_ecumenical_altar_pennies_from_heaven, minivault_11
D:2:      kennysheep_six_static_rooms, layout_rooms, basic_altar,
          hangedman_decor_riveting, minmay_misc_feat_iff,
          uniq_crazy_yiuf_cottage, uniq_natasha, uniq_terence

Skill      XL: |  1  2 |
---------------+-------+-----
Fighting       | 4 |  4.1
Axes           | 3 |  3.2
Armour         | |  3.6
Dodging        | |  0.1
Shields        | |  3.6

Action                     || total
---------------------------++-------
  Melee: War axe           ||    76
  Throw: Dart              ||     4
 Armour: Scale mail        ||    40
  Dodge: Dodged            ||    43
  Block: Buckler           ||    18

Table legend: (Time is in decaauts)
 A = Elapsed time spent in this place.
 B = Non-inter-level travel time spent in this place.
 C = Inter-level travel time spent in this place.
 D = Time resting spent in this place.
 E = Time spent auto-exploring this place.
 F = Levels seen in this place.
 G = Mean time per level.
                   A        B        C        D        E       F      G
               +--------+--------+--------+--------+--------+-----+--------+
         Total |   1280 |   1144 |    136 |      0 |    897 |   2 |  640.0 |
       Dungeon |   1280 |   1144 |    136 |      0 |    897 |   2 |  640.0 |
               +--------+--------+--------+--------+--------+-----+--------+

Top non-repeatable levels by time:
     D:1: 1016 daAuts
     D:2: 264 daAuts
